AoeStats
← BottleDry

African Clearing

505057004Analyzed
4v4 RM · 25d ago on Sep 7, 2026· 37m 17s· 8 players
Game mode
Random Map
Map size
Large (8 player)
Population
200
Speed
Normal
Resources
Standard
Victory
Conquest
Starting age
Dark Age
Ending age
Imperial Age
RankedLock teamsTeams togetherTeam positionsShared explorationLock speedFull tech treeHidden civsTurbo modeCheats
Victory
Defeat
🇺🇸 Vietnamese · United States
939
+14
🇱🇻 Cumans · Latvia
932
+14
🇦🇷 Franks · Argentina
908
+15
🇺🇸 Spanish · United States
842
+17
🇳🇱 Persians · Netherlands
907
-16
🇫🇷 Romans · France
892
-15
🇹🇷 Poles · Türkiye
878
-15
🇹🇷 Goths · Türkiye
869
-14
vrienden0
4:32 Loom
14:15 Feudal Age
16:46 Double-Bit Axe
20:54 Wheelbarrow
karaokur
4:00 Loom
16:10 Feudal Age
18:28 Horse Collar
19:27 Wheelbarrow
18:41 Double-Bit Axe
23:49 Castle Age
23:53 Stone Mining
24:56 Fletching
25:07 Padded Archer Armor
25:04 Town Watch
25:35 Hand Cart
26:06 Bodkin Arrow
29:29 Scale Mail Armor
29:40 Forging
30:07 Scale Barding Armor
30:29 Husbandry
31:49 Heavy Plow
32:05 Bow Saw
31:34 Light Cavalry
32:26 Bloodlines
34:55 Chain Barding Armor
35:12 Iron Casting
MAD
5:04 Loom
19:42 Feudal Age
20:08 Horse Collar
20:16 Double-Bit Axe
21:08 Wheelbarrow
27:38 Castle Age
29:29 Squires
28:50 Pikeman
31:08 Bow Saw
30:59 Heavy Plow
34:43 Forging
CHRISTO LE ROI8
14:28 Feudal Age
14:59 Double-Bit Axe
19:37 Wheelbarrow
19:55 Man-at-Arms
BurnEverythingtoAsh
4:03 Loom
14:44 Feudal Age
15:24 Double-Bit Axe
19:06 Bloodlines
22:38 Wheelbarrow
24:54 Castle Age
26:20 Stone Mining
26:24 Gold Mining
26:49 Thumb Ring
26:04 Crossbowman
27:29 Hand Cart
26:59 Town Watch
31:25 Fletching
31:35 Padded Archer Armor
35:37 Town Patrol
37:01 Bodkin Arrow
37:22 Leather Archer Armor
BottleDry
4:00 Loom
13:55 Feudal Age
19:50 Castle Age
17:55 Double-Bit Axe
18:00 Horse Collar
21:04 Bow Saw
23:51 Heavy Plow
27:24 Wheelbarrow
27:24 Gold Mining
28:31 Padded Archer Armor
28:37 Stone Mining
29:21 Bloodlines
29:11 Husbandry
32:55 Fletching
33:21 Leather Archer Armor
33:46 Bodkin Arrow
38:02 Imperial Age
jhonzx_11
16:08 Feudal Age
21:40 Castle Age
19:48 Double-Bit Axe
23:55 Bow Saw
29:57 Loom
30:59 Wheelbarrow
34:41 Husbandry
[BRE] Arthmael
5:19 Loom
14:02 Feudal Age
14:41 Double-Bit Axe
18:40 Fletching
19:33 Horse Collar
25:09 Wheelbarrow
27:56 Castle Age
26:33 Gold Mining
28:58 Heavy Plow
29:25 Bow Saw
33:23 Imperial Age
31:09 Scale Barding Armor
31:16 Forging
31:22 Steppe Husbandry
32:38 Bloodlines
31:51 Light Cavalry
32:55 Chain Barding Armor
34:09 Iron Casting
34:49 Plate Barding Armor
33:37 Hussar
36:35 Blast Furnace
36:32 Conscription
Connection lost

Rejoining the realm…

Still unreachable

The connection could not be restored.

Session expired

The server has moved on; the page needs a fresh start.